 Dungeon Crawl Stone Soup version 0.18.1-50-g88ac8fd (webtiles) character file.

2664 Gargoyl the Covered (level 9, -2/69 HPs)
             Began as a Demonspawn Abyssal Knight on Sept 20, 2016.
             Was an Elder of Lugonu.
             Slain by Drunkenshrew's ghost (10 damage)
             ... on level 6 of the Dungeon.
             The game lasted 00:11:18 (6233 turns).

Gargoyl the Covered (Demonspawn Abyssal Knight)     Turns: 6233, Time: 00:11:18

Health: -2/69      AC: 10    Str: 15    XL:     9   Next: 36%
Magic:  13/13      EV: 11    Int: 15    God:    Lugonu [****..]
Gold:   331        SH:  0    Dex: 16    Spells: 0 memorised, 8 levels left

rFire  + . .     SeeInvis .     B - +0 broad axe
rCold  + . .     Gourm    .     t - +0 chain mail
rNeg   . . .     Faith    .     (no shield)
rPois  .         Spirit   .     (helmet restricted)
rElec  .         Dismiss  .     (no cloak)
rCorr  .         Reflect  .     (no gloves)
SustAt .         Harm     .     (no boots)
MR     .....                    (no amulet)
Stlth  ..........               n - +4 ring of dexterity
                                d - ring of protection from cold

@: not resistant to hostile enchantments, extremely unstealthy
A: horns 1, talons 1, repulsion field 1, fire resistance 1, screaming 1, spiny 2
a: Depart the Abyss, Bend Space, Banish, Corrupt, Renounce Religion


You were on level 6 of the Dungeon.
You worshipped Lugonu.
Lugonu was greatly pleased with you.
You were very hungry.

You visited 1 branch of the dungeon, and saw 6 of its levels.
You visited the Abyss 1 time.

You collected 331 gold pieces.

Inventory:

Hand Weapons
 y - a +0 war axe
 B - a +0 broad axe (weapon)
Armour
 t - a +0 chain mail (worn)
Jewellery
 d - a ring of protection from cold (left hand)
 n - a +4 ring of dexterity (right hand)
 r - an uncursed ring of resist corrosion
Wands
 x - a wand of acid (3/15)
 C - a wand of flame (34/48)
 G - a wand of confusion (19/48)
Scrolls
 a - a scroll of amnesia {unknown}
 b - a scroll of immolation {unknown}
 e - a scroll of blinking {unknown}
 h - 2 scrolls of teleportation
 l - 6 scrolls of remove curse {unknown}
 m - 2 scrolls of fear {unknown}
 o - 2 scrolls of magic mapping {unknown}
 q - 4 scrolls of recharging {unknown}
 s - a scroll of enchant armour {unknown}
 w - a scroll of fog {unknown}
 A - a scroll of enchant weapon {unknown}
 F - 2 scrolls of identify
Potions
 g - a potion of flight {unknown}
 j - a potion of degeneration {unknown}
 v - 2 potions of might {unknown}
 z - 2 potions of magic
 D - 4 potions of berserk rage {unknown}
 E - 2 potions of lignification {unknown}
 H - a potion of ambrosia
Books
 I - a book of Maledictions

   Spells                             Type                      Level
   a - Corona                         Hexes                        1
   b - Ensorcelled Hibernation        Hexes/Ice                    2
   c - Confuse                        Hexes                        3
   d - Tukima's Dance                 Hexes                        3
   e - Dazzling Spray                 Conjuration/Hexes            3
Comestibles
 c - 6 bread rations
 k - a beef jerky
 p - 5 meat rations
 u - 2 slices of pizza


   Skills:
 + Level 6.0 Fighting
 + Level 5.2 Axes
 * Level 7.1 Armour
 + Level 4.7 Dodging
 + Level 1.5 Stealth
 * Level 6.1 Invocations


You had 8 spell levels left.
You didn't know any spells.

Dungeon Overview and Level Annotations

Branches:
Dungeon (6/15)             Temple (0/1) D:5

Altars:
Cheibriados
Kikubaaqudgha
Makhleb
Ru
Sif Muna
Trog
The Shining One

Annotations:
D:6 Drunkenshrew's ghost, novice DrMo


Innate Abilities, Weirdness & Mutations

You have a pair of small horns on your head.
You are surrounded by a mild repulsion field (EV +2).
You are mostly covered in sharp spines.
You have sharp toenails.
Your flesh is heat resistant.
You occasionally shout uncontrollably at your foes.


Message History

You claw Drunkenshrew's ghost, but do no damage.
You headbutt Drunkenshrew's ghost, but do no damage.
Drunkenshrew's ghost is severely damaged.
Drunkenshrew's ghost is struck by your spines.
Drunkenshrew's ghost barely misses you.
Drink which item? (? for menu, Esc to quit)
You feel better.
Drunkenshrew's ghost hits you but does no damage.
You hit Drunkenshrew's ghost but do no damage.
Drunkenshrew's ghost is severely damaged.
Drunkenshrew's ghost hits you.
* * * LOW HITPOINT WARNING * * *
Your chain mail prevents you from hitting Drunkenshrew's ghost.
Drunkenshrew's ghost is severely damaged.
Drunkenshrew's ghost barely misses you. Drunkenshrew's ghost hits you!
* * * LOW HITPOINT WARNING * * *
You closely miss Drunkenshrew's ghost. Your kick misses Drunkenshrew's ghost.
Drunkenshrew's ghost is severely damaged.
Drunkenshrew's ghost hits you!
You die...

.....# #.#####.#..).
.################ #.#
#.#####
..))...#........# #.#
#......
######.#........#####.#
######. #
#.'........'.....# #. #
###........####### #. #
#........# #. #
#........########## #.
##
#########@........#####
#. .## #W............#
#. ..###
#.........###.# ##
_...# #.........# #.#
....## #.........#
#.#### .....#
#.........# #.#...
8.._.# #...#####.###
#.#.## ..[..# #.#.# #.#
#.#.## .._..# #.#.# #.#
#.#...


You could see Drunkenshrew's ghost.

Vanquished Creatures
  Pikel (D:6)
  Grinder (D:3)
  Sigmund (D:3)
  Menkaure (D:6)
  The ghost of Ebilmort the Firebug, an amateur OpFE (D:3)
  2 orc warriors
  An ice beast (D:6)
  2 sky beasts
  A slave (D:6)
  A phantom (D:6)
  An ogre (D:4)
  A centaur (D:5)
  Blork the orc (D:5)
  2 giant frogs (D:6)
  A gnoll sergeant (D:6)
  A scorpion (D:4)
  An orc priest (D:5)
  A wasp zombie (D:6)
  A giant frog skeleton (D:6)
  5 orc wizards
  2 iguanas
  2 worker ants (D:5)
  A hound skeleton (D:4)
  7 gnolls (D:6)
  4 adders
  A shadow imp (D:6)
  An adder zombie (D:6)
  3 worms
  2 dart slugs
  5 giant geckos
  22 orcs
  6 giant cockroaches
  9 goblins
  9 hobgoblins
  10 jackals
  7 kobolds
  2 quokkas
  8 bats
  3 giant newts
  A quokka skeleton (D:6)
  4 rats
136 creatures vanquished.

Notes
Turn   | Place    | Note
--------------------------------------------------------------
     0 | Abyss:1  | Gargoyl the Demonspawn Abyssal Knight began the quest for the Orb.
     0 | Abyss:1  | Reached XP level 1. HP: 18/18 MP: 2/2
     1 | Abyss:1  | Found an opulent altar of Gozag.
    60 | Abyss:1  | Noticed an efreet
    60 | D:1      | Escaped the Abyss
   181 | D:1      | Reached * piety under Lugonu
   185 | D:1      | Reached skill level 2 in Armour
   190 | D:1      | Gained mutation: You have a pair of small horns on your head. [demonic ancestry]
   190 | D:1      | Reached XP level 2. HP: 10/24 MP: 3/3
   424 | D:1      | Reached skill level 1 in Dodging
   736 | D:1      | Reached XP level 3. HP: 29/29 MP: 4/4
  1015 | D:2      | Found a faded altar to an unknown god.
  1230 | D:2      | Reached ** piety under Lugonu
  1312 | D:2      | Found a deep blue altar of Sif Muna.
  1968 | D:3      | Noticed Ebilmort's ghost (amateur OpFE)
  1971 | D:3      | Gained mutation: You are partially covered in sharp spines. [demonic ancestry]
  1971 | D:3      | Reached XP level 4. HP: 19/36 MP: 5/5
  2123 | D:3      | Killed Ebilmort's ghost
  2123 | D:3      | Reached XP level 5. HP: 38/42 MP: 6/6
  2126 | D:3      | Noticed Grinder
  2376 | D:4      | Noticed an ogre
  2382 | D:4      | Killed an ogre
  2382 | D:4      | Reached skill level 3 in Armour
  2382 | D:4      | Reached XP level 6. HP: 25/48 MP: 6/8
  2994 | D:4      | Noticed a sky beast
  3001 | D:4      | Killed a sky beast
  3001 | D:4      | Reached skill level 1 in Stealth
  3379 | D:3      | Killed Grinder
  3379 | D:3      | Reached *** piety under Lugonu
  3379 | D:3      | Reached skill level 4 in Armour
  3379 | D:3      | Reached XP level 7. HP: 37/54 MP: 8/10
  3514 | D:3      | Noticed Sigmund
  3528 | D:3      | Killed Sigmund
  3764 | D:3      | Found a snail-covered altar of Cheibriados.
  3871 | D:5      | Entered Level 5 of the Dungeon
  3904 | D:5      | Found a staircase to the Ecumenical Temple.
  3943 | D:5      | Gained mutation: You are mostly covered in sharp spines. [demonic ancestry]
  3943 | D:5      | Reached XP level 8. HP: 23/61 MP: 11/11
  4236 | D:5      | Noticed Blork the orc
  4244 | D:5      | Killed Blork the orc
  4917 | D:6      | Reached skill level 5 in Armour
  4930 | D:6      | HP: 1/61 [orc warrior/broad axe (22)]
  5069 | D:5      | Reached skill level 5 in Invocations
  5193 | D:6      | Reached **** piety under Lugonu
  5211 | D:6      | Reached skill level 5 in Fighting
  5471 | D:6      | Reached skill level 6 in Armour
  5478 | D:6      | Gained mutation: You occasionally shout uncontrollably at your foes. [mutagenic meat]
  5479 | D:6      | Gained mutation: You have sharp toenails. [mutagenic meat]
  5480 | D:6      | Gained mutation: Your flesh is heat resistant. [mutagenic meat]
  5624 | D:6      | Gained mutation: You are surrounded by a mild repulsion field (EV +2). [demonic ancestry]
  5624 | D:6      | Reached XP level 9. HP: 27/68 MP: 13/13
  5831 | D:6      | Noticed Menkaure
  5836 | D:6      | Killed Menkaure
  5897 | D:6      | Found an ancient bone altar of Kikubaaqudgha.
  5898 | D:6      | Found a sacrificial altar of Ru.
  5900 | D:6      | Found a glowing golden altar of the Shining One.
  5902 | D:6      | Found a bloodstained altar of Trog.
  5902 | D:6      | Found a burning altar of Makhleb.
  5943 | D:6      | Noticed Pikel
  5958 | D:6      | Killed Pikel
  5958 | D:6      | Reached skill level 5 in Axes
  5958 | D:6      | Reached skill level 7 in Armour
  6199 | D:6      | Noticed Drunkenshrew's ghost (novice DrMo)
  6233 | D:6      | Slain by Drunkenshrew's ghost

Skill      XL: |  1  2  3  4  5  6  7  8  9 |
---------------+----------------------------+-----
Armour         | 2 3 4 6 7 |  7.1
Axes           | 2 3 4 5 |  5.2
Dodging        | 1 2 3 4 |  4.7
Fighting       | 4 5 6 |  6.0
Invocations    | 4 5 6 |  6.1
Stealth        | 1 |  1.5

Action                   |  1- 3 |  4- 6 |  7- 9 || total
-------------------------+-------+-------+-------++-------
Melee: Hand axe          |   112 |    59 |     5 ||   176
       Headbutt          |    16 |    11 |    32 ||    59
       War axe           |       |       |    46 ||    46
       Broad axe         |       |       |    99 ||    99
       Kick              |       |       |    22 ||    22
Invok: Depart the Abyss  |     1 |       |       ||     1
  Use: Potion            |     1 |     2 |     7 ||    10
       Scroll            |       |     4 |       ||     4
  Eat: Chunk             |     4 |     4 |    11 ||    19
Armor: Leather armour    |    50 |     4 |       ||    54
       Chain mail        |       |    15 |    78 ||    93
       Ring mail         |       |     7 |       ||     7
Dodge: Dodged            |   113 |    21 |    70 ||   204
